 Dungeon Crawl Stone Soup version 0.31-a0-692-gf03d1854d5 (webtiles) character file.

Game seed: 1630356078107184380

120 qw the Shooter (level 5, 0/32 HPs)
             Began as a Gargoyle Hunter on Sept 6, 2023.
             Slain by an orc
             ... wielding a +0 short sword
              (4 damage)
             ... on level 3 of the Dungeon.
             The game lasted 00:00:42 (1556 turns).

qw the Shooter (Gargoyle Hunter)                    Turns: 1556, Time: 00:00:42

Health: 0/32       AC: 12    Str: 14    XL:     5   Next: 4%
Magic:  5/5        EV: 12    Int: 10    God:
Gold:   124        SH:  0    Dex: 15    Spells: 4/4 levels left

rFire   . . .        Y - +1 shortbow
rCold   + . .        (shield currently unavailable)
rNeg    + . .        f - +2 robe {rC+}
rPois   inf          (no helmet)
rElec   +            (no cloak)
rCorr   .            (no gloves)
SInv    .            (no boots)
Will    .....        (no amulet)
Stlth   ++           i - +4 ring of protection
HPRegen 0.25/turn    (no ring)
MPRegen 0.09/turn

%: no passive effects
@: no status effects
A: sickness immunity, AC +4, negative energy resistance 1, electricity
resistance, torment resistance 1, petrification resistance
a: no special abilities


You were on level 3 of the Dungeon.
You visited 1 branch of the dungeon, and saw 3 of its levels.

You collected 124 gold pieces.


Innate Abilities, Weirdness & Mutations

You are immune to sickness and miasma.
Your stone body is resilient. (AC +4)
You are immune to poison.
You resist negative energy. (rN+)
You are resistant to electric shocks. (rElec)
You are resistant to unholy torment.
You are immune to petrification.


   Skills:
 - Level 3.0 Fighting
 + Level 5.8 Ranged Weapons
 - Level 1.5 Dodging
 - Level 1.1 Stealth


You had 4 spell levels left.
You didn't know any spells.
Your spell library was empty.

Inventory:

Hand Weapons
 Y - a +1 shortbow (weapon)
Armour
 f - a +2 robe of cold resistance (worn)
Jewellery
 i - a +4 ring of protection (left hand)
Scrolls
 a - a scroll of identify
Potions
 b - a potion of degeneration {unknown}
 c - a potion of might {unknown}
 d - a potion of magic {unknown}
 e - a potion of curing {unknown}
 h - a potion of haste

Dungeon Overview and Level Annotations

Branches:
Dungeon (3/15)

Altars:
Nemelex Xobeh

Shops:
D:1 =


Message History

The orc barely misses you.
You shoot an arrow. The arrow hits the orc.
The orc is heavily wounded.
The orc hits you but does no damage.
You shoot an arrow. The arrow hits the orc!
You kill the orc!
An orc priest comes into view. It is wielding a +0 flail.
An orc comes into view. It is wielding a +0 short sword.
An orc priest comes into view. It is wielding a +0 trident.
The orc priest barely misses you.
Enter note:
1550 |||
Found retreat position at -3,-5 (floor) with 0 blocking monsters and 2 monsters attacking at destination at distance 6
Enter note:
1550 ||| Stepping ~*~*~tactically~*~*~ (retreating).
The orc priest misses you.
You shoot an arrow. The arrow barely misses the orc priest.
The orc priest mumbles some strange prayers to Beogh against you.
Beogh smites you!
You shoot an arrow. The arrow hits the orc priest.
The orc priest is lightly wounded.
A bat comes into view.
You shoot an arrow. The arrow hits the orc priest.
The orc priest is moderately wounded.
The orc priest closely misses you.
You shoot an arrow. The arrow barely misses the orc priest.
The bat hits you but does no damage. The orc priest barely misses you.
The orc misses you.
The orc priest calls down the wrath of Beogh upon you.
Pain shoots through your body!
You shoot an arrow. The arrow barely misses the orc priest.
You hear a shout!
The bat hits you but does no damage. The orc priest misses you.
The orc hits you but does no damage. The orc priest closely misses you.
The orc hits you but does no damage.
The orc priest hits you with a +0 falchion.
The orc priest hits you from afar with a +0 trident.
You shoot an arrow. The arrow hits the orc priest.
The orc priest is severely wounded.
The bat hits you. The orc hits you with a +0 short sword.
You die...

.##.#.##.#.## . .....#
.###.##.#.## . ....# ##
###.#.## (#...# #
#...#######....#
###..............#
#...###..>###....#
###.######.........#
...........##...##..#o#
|###########..#b@##.o#
## #..###ooo#
.....))>#....).
%...........###.
..........####
..........# ........#
........# ........#


You could see 2 orc priests, an orc and a bat.

Vanquished Creatures
  3 gnolls (D:3)
  3 adders
  2 worms
  A dart slug (D:2)
  4 orcs (D:3)
  5 bats
  5 endoplasms
  2 giant cockroaches
  6 goblins
  3 hobgoblins
  4 kobolds
  4 quokkas
  3 ball pythons
  3 frilled lizards
  A rat (D:3)
49 creatures vanquished.

Notes
Turn   | Place    | Note
-------+----------+-------------------------------------------
     0 | D:1      | qw the Gargoyle Hunter began the quest for the Orb.
     0 | D:1      | Reached XP level 1. HP: 12/12 MP: 1/1
     0 | D:1      | 0 ||| qw: Version: 0.3-a-76-g4403597
     0 | D:1      | 0 ||| qw: Game counter: 332
     0 | D:1      | 0 ||| qw: Melee chars always use a shield: true
     0 | D:1      | 0 ||| qw: God list: Okawaru
     0 | D:1      | 0 ||| qw: Allow faded altars: false
     0 | D:1      | 0 ||| qw: Do Orc after clearing Dungeon:15 true
     0 | D:1      | 0 ||| qw: Do second Lair branch before Depths: true
     0 | D:1      | 0 ||| qw: Lair rune preference: random
     0 | D:1      | 0 ||| qw: Goals: Normal
     0 | D:1      | 0 ||| PLANNING D:1-11
    70 | D:1      | Reached XP level 2. HP: 17/17 MP: 2/2
   338 | D:1      | Found Gekkuum's Jewellery Emporium.
   346 | D:1      | 346 ||| SHOPLISTING amulet of reflection (330 gold, have
                  | 13).
   346 | D:1      | 346 ||| SHOPLISTING amulet of the acrobat (330 gold, have
                  | 13).
   346 | D:1      | 346 ||| SHOPLISTING ring of willpower (275 gold, have 13).
   476 | D:1      | 476 ||| UPGRADING to +0 ring mail.
   486 | D:1      | 486 ||| DROPPING +0 leather armour.
   487 | D:1      | 487 ||| UPGRADING to +2 robe of cold resistance.
   497 | D:1      | 497 ||| DROPPING +0 ring mail.
   498 | D:1      | 498 ||| DROPPING ring of flight.
   499 | D:1      | 499 ||| UPGRADING to +4 ring of protection.
   500 | D:1      | 500 ||| DROPPING scroll of butterflies.
   554 | D:2      | Found a sparkling altar of Nemelex Xobeh.
   671 | D:2      | Reached XP level 3. HP: 21/21 MP: 3/3
   724 | D:2      | Reached skill level 5 in Ranged Weapons
  1086 | D:2      | 1086 ||| DROPPING scarf of harm.
  1087 | D:2      | 1087 ||| READING scroll labelled SOTZIHATSI.
  1101 | D:2      | 1101 ||| READING scroll labelled DURYOPNI AZOT.
  1102 | D:2      | 1102 ||| READING scroll labelled CYSIYZ ONLACOR.
  1103 | D:2      | 1103 ||| READING scroll labelled UQEYCRERHU.
  1104 | D:2      | 1104 ||| READING scroll labelled LUANAIN HIRE.
  1105 | D:2      | 1105 ||| DRINKING 2 fuming coppery potions.
  1221 | D:3      | 1221 ||| Stepping ~*~*~tactically~*~*~ (retreating).
  1229 | D:3      | Reached skill level 3 in Fighting
  1229 | D:3      | Reached XP level 4. HP: 25/28 MP: 4/4
  1229 | D:3      | 1229 ||| FLEEEEING.
  1327 | D:3      | 1327 ||| FLEEEEING.
  1542 | D:3      | Reached XP level 5. HP: 30/32 MP: 5/5
  1550 | D:3      | 1550 ||| Stepping ~*~*~tactically~*~*~ (retreating).
  1555 | D:3      | HP: 8/32 [orc priest/+0 falchion (5)]
  1556 | D:3      | Slain by an orc

Levels and vault maps discovered:
D:1:      ldierk_walled_garden_2, layout_basic, serial_shops,
          nicolae_square_shop
D:2:      layout_loops_ring, basic_altar
D:3:      minmay_inner_zag, layout_rooms,
          hellmonk_ecumenical_altar_watching_god, minmay_circle_x

Skill      XL: |  1  2  3 |
---------------+----------+-----
Ranged Weapons | 5 |  5.8
Fighting       | 3 |  3.0
Dodging        | |  1.5
Stealth        | |  1.1

Action                     |  1- 3 |  4- 6 || total
---------------------------+-------+-------++-------
   Fire: Shortbow          |    84 |    67 ||   151
    Use: Scroll            |     5 |       ||     5
         Potion            |     1 |       ||     1
 Armour: Leather armour    |    14 |       ||    14
         Robe              |     5 |    45 ||    50
  Dodge: Dodged            |    11 |    45 ||    56

Table legend:
 A = Non-vault XP
 B = Vault XP
 C = Vault XP percentage of total XP
 D = Non-vault monster count
 E = Vault monster count
 F = Vault count percentage of total count
                 A         B        C        D         E       F
            +---------+---------+-------+---------+---------+-------
      Total |     135 |      37 |  21.5 |      40 |       9 |  18.4
            +---------+---------+-------+---------+---------+-------
        D:1 |      25 |       0 |   0.0 |      13 |       0 |   0.0
        D:2 |      42 |       0 |   0.0 |      14 |       0 |   0.0
        D:3 |      68 |      37 |  35.2 |      13 |       9 |  40.9
            +---------+---------+-------+---------+---------+-------
